 Dungeon Crawl Stone Soup version 0.28-a0-724-g66f9036eb4 (webtiles) character file.

Game seed: 15027803583044279257

4442 sanka the Fighter (level 10, -6/94 HPs)
             Began as a Palentonga Wanderer on Oct 26, 2021.
             Was a Believer of Okawaru.
             Mangled by Grum (25 damage)
             ... on level 8 of the Dungeon.
             The game lasted 00:15:17 (9984 turns).

sanka the Fighter (Palentonga Wanderer)             Turns: 9984, Time: 00:15:17

Health: -6/94      AC: 20    Str: 18    XL:     10   Next: 15%
Magic:  13/13      EV: 13    Int: 11    God:    Okawaru [**....]
Gold:   228        SH:  0    Dex: 12    Spells: 9/9 levels left

rFire   . . .      SeeInvis +   a - +2 war axe
rCold   . . .      Faith    .   (no shield)
rNeg    + . .      Spirit   .   w - +3 leather armour
rPois   .          Reflect  .   i - +0 helmet
rElec   .          Harm     .   (no cloak)
rCorr   .          Rampage  .   (no gloves)
Will    .....                   (no barding)
Stlth   +++.......              (no amulet)
HPRegen 0.25/turn               I - ring of positive energy
MPRegen 0.13/turn               e - +4 ring of protection

@: about to teleport, heroic, curled up
A: large, rugged brown scales 3, see invisible, deformed body, roll 1, armoured
tail, reflexive curl
a: Rolling Charge, Renounce Religion, Heroism


You were on level 8 of the Dungeon.
You worshipped Okawaru.
Okawaru was pleased with you.
You visited 2 branches of the dungeon, and saw 9 of its levels.

You collected 228 gold pieces.


Innate Abilities, Weirdness & Mutations

You are completely covered in rugged brown scales. (AC +3, +7% HP)
You have supernaturally acute eyesight. (SInv)
Armour fits poorly on your strangely shaped body.
You can roll at nearby foes to attack.
You have a long armoured tail.
You curl defensively after being hit.


   Skills:
 - Level 11.5(16.5) Fighting
 + Level 4.1(9.1) Axes
 - Level 4.1(9.1) Bows
 - Level 1.5(6.5) Armour
 - Level 6.0(11.0) Dodging
 - Level 1.0(6.0) Shields
 - Level 4.0 Invocations
 - Level 1.0 Evocations


You had 9 spell levels left.
You didn't know any spells.
Your spell library contained the following spells:

 Spells                   Type           Power      Damage    Failure   Level
 Shock                    Conj/Air       0%         1d3       38%         1
 Passwall                 Tmut/Erth      0%         N/A       52%         2
 Slow                     Hex            0%         N/A       52%         2
 Gell's Gravitas          Tloc           0%         N/A       77%         3
 Portal Projectile        Hex/Tloc       0%         N/A       77%         3
 Swiftness                Air            0%         N/A       77%         3
 Teleport Other           Tloc           0%         N/A       77%         3
 Airstrike                Air            0%         N/A       99%         4
 Cause Fear               Hex            0%         N/A       99%         4
 Dispersal                Tloc           0%         N/A       100%        6
 Invisibility             Hex            0%         N/A       100%        6
 Disjunction              Tloc           0%         N/A       100%        8
 Tukima's Dance           Hex            Unusable   N/A       N/A         3
 Summon Mana Viper        Hex/Summ       Unusable   N/A       N/A         5

Inventory:

Hand Weapons
 a - a +2 war axe (weapon)
 b - a +2 shortbow
 B - a +0 flail
 C - a +2 dagger of venom
 F - a +2 vorpal flail
Missiles
 j - 58 arrows
 D - a throwing net {=f}
 G - a curare-tipped dart {=f}
Armour
 i - a +0 helmet (worn)
 w - a +3 leather armour (worn)
Jewellery
 e - a +4 ring of protection (right hand)
 I - a ring of positive energy (left hand)
Wands
 u - a wand of paralysis (6)
 A - a wand of flame (20)
Scrolls
 f - 4 scrolls of amnesia
 h - a scroll of summoning {unknown}
 l - 3 scrolls of teleportation {@r4}
 m - 2 scrolls of blinking {unknown}
 n - 3 scrolls of enchant armour
 o - a scroll of vulnerability {!r}
 p - 2 scrolls of fog
 r - a scroll of holy word {unknown}
 s - a scroll of fear {unknown}
 v - a scroll of brand weapon {unknown}
 y - a scroll of enchant weapon {unknown}
 H - a scroll of immolation {unknown}
Potions
 c - 3 potions of curing {@q1}
 d - 2 potions of degeneration {unknown}
 g - 3 potions of mutation {unknown}
 k - 5 potions of heal wounds {unknown}
 q - 2 potions of haste {unknown}
 t - a potion of brilliance {unknown}
 x - a potion of might {unknown}
 z - a potion of lignification {unknown}
 E - a potion of berserk rage {unknown}

Dungeon Overview and Level Annotations

Branches:
Dungeon (8/15)             Temple (1/1) D:6
   Lair: D:8-11

Altars:
Ashenzari
Cheibriados
Dithmenos
Elyvilon
Fedhas
Gozag
Hepliaklqana
Kikubaaqudgha
Makhleb
Nemelex Xobeh
Okawaru
Qazlal
Ru
Sif Muna
Trog
Uskayaw
Vehumet
Wu Jian
Xom
Yredelemnul
Zin
The Shining One

Shops:
D:1 =   D:3 :([   D:7 *

Annotations:
D:2 1 runed translucent door, Crazy Yiuf
D:8 Grum

................▒.....▒▒
........▒▒.....▒▒...▒▒▒
..▒...[.▒...▒▒.▒▒.▒▒▒
.... ▒..........▒.▒▒..▒
.... ▒............▒..▒▒
.........▒...........▒▒▒
.......▒▒▒▒▒...†.......▒
......▒ ▒...o.........▒▒
......▒▒▒▒.oghH.........▒
......£.▒▒.▒▒)....▒...▒▒▒
........h...▒▒▒▒▒▒▒▒..▒
......g..▒..▒ ▒▒▒▒
.........▒.▒▒
.....h...▒▒▒ ........▒.
..▒▒....▒.. . ▒▒......


You could see Grum, an orc warrior, a wolf and an orc priest.


Message History

An orc warrior comes into view. It is wielding a +0 flail.
The wolf barely misses you.
Grum hits you from afar with a -2 glaive!!
* * * LOW HITPOINT WARNING * * *
Unknown command.
You slash the wolf!
The wolf is severely wounded.
The wolf barely misses you. Grum closely misses you.
The wolf barely misses you.
Unknown command.
You barely miss the wolf. Your punch misses the wolf.
The wolf is heavily wounded.
The wolf bites you but does no damage. Grum barely misses you.
The wolf barely misses you.
Unknown command.
You closely miss the wolf.
The wolf is heavily wounded.
You hit the orc warrior. The wolf closely misses you.
Grum hits you from afar with a -2 glaive!
* * * LOW HITPOINT WARNING * * *
The orc warrior closely misses you. The wolf bites you but does no damage.
As you read the scroll of teleportation {@r4}, it crumbles to dust.
You feel strangely unstable.
Grum hits you from afar with a -2 glaive!!
You die...

Action                   |  1- 3 |  4- 6 |  7- 9 | 10-12 || total
-------------------------+-------+-------+-------+-------++-------
Melee: Flail             |       |   122 |    61 |       ||   183
       Mace              |       |     4 |       |       ||     4
       Tailslap          |       |    12 |    13 |     4 ||    29
       War axe           |       |       |    31 |    41 ||    72
       Punch             |       |       |     1 |     1 ||     2
 Fire: Shortbow          |    86 |    51 |   254 |       ||   391
Invok: Heroism           |       |       |     6 |     3 ||     9
 Abil: Rolling Charge    |       |       |     4 |       ||     4
  Use: Scroll            |       |     3 |       |     3 ||     6
       Potion            |       |       |       |     1 ||     1
Armor: Ring mail         |    30 |    95 |       |       ||   125
       Leather armour    |       |    23 |   153 |    26 ||   202
Dodge: Dodged            |    23 |    68 |   128 |    44 ||   263

Levels and vault maps discovered:
D:1:      lightli_arrival_boilingwater, layout_loops_corners, serial_shops,
          nicolae_shop_stone
D:2:      layout_basic, basic_altar, uniq_robin, uniq_terence,
          uniq_crazy_yiuf_cottage
D:3:      layout_loops_ring, grunt_temple_overflow_opulence,
          mainiacjoe_overflow_tiny_flanked, serial_shops, nicolae_square_shop,
          nicolae_lakefront_shop, shop, minivault_14
D:4:      layout_gridville
D:5:      layout_loops_corners, chequers_temple_overflow_minitemple,
          chequers_temple_overflow_statue_of_worship,
          chequers_hall_statues_corner_a, kennysheep_generic_room_5,
          uniq_menkaure
D:6:      layout_basic, minmay_temple_entry_wispy, kennysheep_cross_room,
          uniq_prince_ribbit1, uniq_duvessa, uniq_edmund, uniq_grinder
D:7:      layout_cave_pools, trog_wizard, serial_bayou_ford_a,
          grunt_ministairs_3, hangedman_abyss_or_decor_passed,
          nicolae_shop_overcharged_wands
D:8:      layout_cave_pools, uniq_grum
Temple:   jpeg_temple_clearing

Notes
Turn   | Place    | Note
-------+----------+-------------------------------------------
     0 | D:1      | sanka the Palentonga Wanderer began the quest for the Orb.
     0 | D:1      | sanka set off with the following items: a +2 shortbow, 23
                  | arrows, a potion of curing {@q1}, a +0 ring mail
     0 | D:1      | Reached XP level 1. HP: 16/16 MP: 1/1
   116 | D:1      | Reached skill level 2 in Fighting
   159 | D:1      | Reached XP level 2. HP: 23/23 MP: 2/2
   224 | D:1      | Got the Reference Book on Beguiling
   727 | D:1      | Found Jamnuch's Jewellery Shoppe.
   732 | D:1      | Reached skill level 3 in Fighting
   936 | D:2      | Reached XP level 3. HP: 31/31 MP: 3/3
   937 | D:2      | Noticed Robin
  1166 | D:1      | Killed Robin
  1666 | D:2      | Found a runed translucent door.
  1667 | D:2      | Noticed Crazy Yiuf
  1739 | D:2      | Reached XP level 4. HP: 14/39 MP: 4/4
  1740 | D:2      | Reached skill level 4 in Fighting
  2048 | D:2      | Found a white marble altar of Elyvilon.
  2139 | D:2      | Noticed Terence
  2151 | D:2      | Killed Terence
  2235 | D:2      | Reached XP level 5. HP: 46/46 MP: 5/5
  2315 | D:2      | Reached skill level 5 in Fighting
  2747 | D:3      | Found a white marble altar of Elyvilon.
  2766 | D:3      | Found Qoqei's Antique Weapon Emporium.
  3024 | D:3      | Found Fousm's Armour Shop.
  3199 | D:3      | Found an opulent altar of Gozag.
  3200 | D:3      | Found a sparkling altar of Nemelex Xobeh.
  3425 | D:3      | Found Wyugez's Book Shoppe.
  3796 | D:4      | Reached skill level 6 in Fighting
  3866 | D:4      | Reached XP level 6. HP: 55/55 MP: 6/6
  4524 | D:5      | Entered Level 5 of the Dungeon
  4530 | D:5      | Reached skill level 7 in Fighting
  4927 | D:5      | Gained mutation: You curl defensively after being hit.
                  | [Palentonga growth]
  4927 | D:5      | Reached XP level 7. HP: 23/64 MP: 7/7
  4938 | D:5      | Reached skill level 8 in Fighting
  5496 | D:5      | Found a sacrificial altar of Ru.
  5497 | D:5      | Found a hazy altar of Hepliaklqana.
  5497 | D:5      | Found a hide-covered altar of Uskayaw.
  5499 | D:5      | Found a snail-covered altar of Cheibriados.
  5873 | D:5      | Noticed Menkaure
  5877 | D:5      | Killed Menkaure
  5878 | D:5      | Reached skill level 9 in Fighting
  5901 | D:5      | Reached XP level 8. HP: 74/75 MP: 8/8
  6126 | D:5      | Found an ornate altar of the Wu Jian Council.
  6126 | D:5      | Found a faded altar of an unknown god.
  6134 | D:5      | Found a faded altar of an unknown god.
  6136 | D:5      | Found a blossoming altar of Fedhas.
  6138 | D:5      | Found a stormy altar of Qazlal.
  6222 | D:6      | Reached skill level 10 in Fighting
  6424 | D:6      | Found a staircase to the Ecumenical Temple.
  6436 | Temple   | Entered the Ecumenical Temple
  6586 | Temple   | Became a worshipper of Warmaster Okawaru
  6606 | D:6      | Noticed Edmund
  6620 | D:6      | Killed Edmund
  6719 | D:6      | Noticed Duvessa
  6728 | D:6      | Killed Duvessa
  6728 | D:6      | Noticed Dowan
  6837 | D:6      | Killed Dowan
  6950 | D:6      | Noticed Grinder
  6954 | D:6      | Paralysed by Grinder for 3 turns
  6967 | D:6      | Killed Grinder
  6968 | D:6      | Reached skill level 11 in Fighting
  6969 | D:6      | Reached * piety under Okawaru
  7078 | D:6      | Reached skill level 1 in Invocations
  7078 | D:6      | Reached XP level 9. HP: 44/86 MP: 8/10
  7276 | D:6      | Reached skill level 2 in Invocations
  7292 | D:6      | Reached skill level 3 in Invocations
  7465 | D:6      | Reached skill level 4 in Invocations
  7514 | D:6      | Reached skill level 1 in Dodging
  7645 | D:6      | Reached skill level 2 in Dodging
  7671 | D:6      | Noticed Prince Ribbit
  7680 | D:6      | Killed Prince Ribbit
  7680 | D:6      | Reached ** piety under Okawaru
  7681 | D:6      | Reached skill level 3 in Dodging
  8182 | D:7      | Noticed a two-headed ogre
  8193 | D:7      | Killed a two-headed ogre
  8194 | D:7      | Reached skill level 5 in Dodging
  8693 | D:7      | Reached skill level 1 in Axes
  8693 | D:7      | Reached skill level 6 in Dodging
  8838 | D:7      | Found a bloodstained altar of Trog.
  8840 | D:7      | Noticed a wizard
  8845 | D:7      | Killed a wizard
  8901 | D:7      | Found Goenaff's Overcharged Wands.
  9095 | D:7      | Reached skill level 2 in Axes
  9095 | D:7      | Reached XP level 10. HP: 89/92 MP: 13/13
  9893 | D:8      | Reached skill level 3 in Axes
  9961 | D:8      | Noticed Grum
  9980 | D:8      | Reached skill level 4 in Axes
  9984 | D:8      | Mangled by Grum

Vanquished Creatures
  A two-headed ogre (D:7)
  Prince Ribbit (D:6)
  Grinder (D:6)
  A wyvern (D:8)
  Menkaure (D:5)
  Edmund (D:6)
  Duvessa (D:6)
  4 water moccasins
  An orc warrior (D:6)
  A black bear (D:6)
  2 ice beasts (D:6)
  A sky beast (D:6)
  2 ogres
  A necrophage (D:6)
  A centaur (D:5)
  2 wolves (D:8)
  A phantom (D:5)
  2 kobold brigands
  A gnoll sergeant (D:6)
  3 scorpions
  Dowan (D:6)
  2 water moccasin zombies
  5 wights (D:7)
  2 howler monkeys
  An electric eel (D:7)
  2 bullfrog zombies
  2 hounds
  A bullfrog skeleton (D:5)
  An orc priest (D:8)
  An iguana (D:5)
  Terence (D:2)
  5 orc wizards
  A scorpion zombie (D:5)
  A howler monkey skeleton (D:6)
  Robin (D:1)
  6 gnolls
  9 adders
  An ufetubus (D:6)
  An adder skeleton (D:4)
  5 dart slugs
  9 orcs
  8 ball pythons
  8 endoplasms
  3 giant cockroaches
  17 goblins
  6 hobgoblins
  5 quokkas
  3 bats
  3 frilled lizards
  14 kobolds
  6 rats
160 creatures vanquished.

Vanquished Creatures (others)
  A wizard (D:7)
  9 plants (D:7)
10 creatures vanquished.

Grand Total: 170 creatures vanquished
